 Dungeon Crawl Stone Soup version 0.30-a0-4-ga7cffc901d (webtiles) character file.

Game seed: 10537019179478894642

147 Setbun the Cutter (level 5, -3/30 HPs)
             Began as a Kobold Brigand on Aug 21, 2022.
             Killed by nerve-wracking pain
             ... invoked by an orc priest
              (12 damage)
             ... on level 3 of the Dungeon.
             The game lasted 00:01:41 (2994 turns).

Setbun the Cutter (Kobold Brigand)                  Turns: 2994, Time: 00:01:41

Health: -3/30      AC:  4    Str:  8    XL:     5   Next: 55%
Magic:  5/5        EV: 14    Int: 13    God:
Gold:   104        SH:  5    Dex: 18    Spells: 4/4 levels left

rFire   . . .      SeeInvis .    a - +2 dagger
rCold   . . .      Faith    .    (no shield)
rNeg    . . .      Spirit   .    b - +0 robe
rPois   .          Reflect  +    h - +0 helmet
rElec   .          Harm     .    c - +0 cloak
rCorr   .          Rampage  .    (no gloves)
Will    .....                    (no boots)
Stlth   ++++......               p - amulet of reflection
HPRegen 0.10/turn                (no ring)
MPRegen 0.09/turn                (no ring)

@: no status effects
A: small, no large weapons, nightstalker 3
a: no special abilities


You were on level 3 of the Dungeon.
You visited 1 branch of the dungeon, and saw 3 of its levels.

You collected 104 gold pieces.

Inventory:

Hand Weapons
 a - a +2 dagger (weapon)
Missiles
 d - 13 poisoned darts (quivered)
 e - 3 curare-tipped darts
Armour
 b - a +0 robe (worn)
 c - a +0 cloak (worn)
 h - a +0 helmet (worn)
 r - the +4 robe "Tefrioboi" {rC++ rN+ Dex+4 Slay-3}
   (You took it off a kobold on level 2 of the Dungeon)

   Dex:       It affects your dexterity (+4).
   Slay:      It affects your accuracy & damage with ranged weapons and melee
   (-3).
   rC:        It greatly protects you from cold.
   rN:        It protects you from negative energy.
Jewellery
 p - an amulet of reflection (around neck)
 w - an amulet of regeneration
Scrolls
 f - 6 scrolls of identify {unknown}
 i - a scroll of noise {unknown}
 m - a scroll of brand weapon {unknown}
 o - a scroll of amnesia {unknown}
 q - a scroll of blinking {unknown}
 s - 2 scrolls of teleportation {unknown}
 t - 2 scrolls of acquirement {unknown}
 u - 3 scrolls of butterflies {unknown}
Potions
 g - a potion of heal wounds {unknown}
 j - 2 potions of might {unknown}
 k - a potion of attraction {unknown}
 l - a potion of degeneration {unknown}
 n - a potion of cancellation {unknown}
 v - 2 potions of curing {unknown}


   Skills:
 - Level 2.1 Fighting
 * Level 7.1 Short Blades
 - Level 2.1 Throwing
 - Level 1.2 Dodging
 - Level 5.3 Stealth


You had 4 spell levels left.
You didn't know any spells.
Your spell library contained the following spells:

 Spells                   Type           Power      Damage    Failure   Level
 Shock                    Conj/Air       0%         1d3       30%         1
 Swiftness                Air            0%         N/A       67%         3
 Airstrike                Air            0%         2d(0-16)  97%         4
 Animate Dead             Necr           0%         N/A       97%         4
 Corpse Rot               Necr/Pois/Air  0%         N/A       97%         4
 Dispel Undead            Necr           0%         3d6       97%         4
 Death Channel            Necr           0%         N/A       100%        6
 Haunt                    Necr/Summ      0%         N/A       100%        7
 Infestation              Necr           0%         N/A       100%        8


Dungeon Overview and Level Annotations

Branches:
Dungeon (3/15)

Altars:


Innate Abilities, Weirdness & Mutations

You are small and have problems with some larger weapons.
You are completely attuned to the shadows.


Message History

You completely miss the orc wizard. The orc priest completely misses you.
The orc wizard hits you with a +0 dagger.
You hit the orc wizard.
The orc wizard is lightly wounded.
The orc priest mumbles some strange prayers to Beogh against you.
You barely resist.
The orc wizard hits you but does no damage.
You closely miss the orc wizard.
The orc wizard is lightly wounded.
You hit the orc wizard.
The orc wizard is moderately wounded.
The orc priest invokes the aid of Beogh against you.
Beogh smites you!
* * * LOW HITPOINT WARNING * * *
The orc wizard closely misses you.
You are too injured to fight recklessly!
You are too injured to fight recklessly!
You are too injured to fight recklessly!
You are too injured to fight recklessly!
You are too injured to fight recklessly!
You are too injured to fight recklessly!
You are too injured to fight recklessly!
You are too injured to fight recklessly!
You are too injured to fight recklessly!
You are too injured to fight recklessly!
You are too injured to fight recklessly!
You are too injured to fight recklessly!
You are too injured to fight recklessly!
You are too injured to fight recklessly!
You are too injured to fight recklessly!
You are too injured to fight recklessly!
You are too injured to fight recklessly!
You are too injured to fight recklessly!
You closely miss the orc wizard.
The orc wizard is moderately wounded.
You hit the orc wizard.
The orc wizard is moderately wounded.
The orc priest invokes the aid of Beogh against you.
Pain shoots through your body!
You die...

## ## .##
#.###.###########
###.#....##.......#
....#.#).##.#####<#
....@.)#.##.##.##.#
###oo.##........#.#
#.#######.......#
#. #.......## #.
#.........#
##.).....##
#.....## ##...##
##.##


You could see an orc priest and an orc wizard.

Vanquished Creatures
  2 orc priests (D:3)
  An orc wizard (D:2)
  3 adders
  2 dart slugs
  3 orcs
  3 bats
  2 endoplasms
  A giant cockroach (D:2)
  4 goblins
  3 hobgoblins
  3 kobolds
  A quokka (D:2)
  3 ball pythons
  2 frilled lizards (D:3)
  2 rats
35 creatures vanquished.

Notes
Turn   | Place    | Note
-------+----------+-------------------------------------------
     0 | D:1      | Setbun the Kobold Brigand began the quest for the Orb.
     0 | D:1      | Reached XP level 1. HP: 12/12 MP: 1/1
   350 | D:1      | Reached skill level 3 in Short Blades
  1151 | D:1      | Found a faded altar of an unknown god.
  1244 | D:2      | Reached XP level 2. HP: 17/17 MP: 2/2
  1375 | D:2      | Reached skill level 4 in Short Blades
  1466 | D:2      | Reached XP level 3. HP: 12/21 MP: 3/3
  1585 | D:2      | Identified the +4 robe "Tefrioboi" {rC++ rN+ Dex+4 Slay-3}
  1774 | D:2      | Reached skill level 5 in Short Blades
  1944 | D:2      | Reached XP level 4. HP: 26/26 MP: 4/4
  2545 | D:3      | Reached skill level 6 in Short Blades
  2985 | D:3      | Reached XP level 5. HP: 30/30 MP: 5/5
  2988 | D:3      | Reached skill level 7 in Short Blades
  2994 | D:3      | Killed from afar by an orc priest

Illustrated notes

Levels and vault maps discovered:
D:1:      dpeg_arrival_windows_large_door, layout_loops_corners,
          shapermc_ecumenical_altar_hornbeckon
D:2:      layout_basic
D:3:      layout_loops_cross

Skill      XL: |  1  2  3  4  5 |
---------------+----------------+-----
Short Blades   | 3 4 5 6 7 |  7.1
Fighting       | |  2.1
Throwing       | |  2.1
Dodging        | |  1.2
Stealth        | |  5.3

Action                   |  1- 3 |  4- 6 || total
-------------------------+-------+-------++-------
Melee: Dagger            |    61 |    43 ||   104
 Stab: Sleeping          |    10 |    12 ||    22
       Distracted        |       |     1 ||     1
Armor: Robe              |     8 |     6 ||    14
Dodge: Dodged            |    35 |     8 ||    43
Block: Other             |     1 |     3 ||     4

Table legend: (Time is in decaauts)
 A = Elapsed time spent in this place.
 B = Non-inter-level travel time spent in this place.
 C = Inter-level travel time spent in this place.
 D = Time resting spent in this place.
 E = Time spent auto-exploring this place.
 F = Levels seen in this place.
 G = Mean time per level.
                   A        B        C        D        E       F      G
               +--------+--------+--------+--------+--------+-----+--------+
         Total |   2976 |   2943 |     33 |    103 |   2584 |   3 |  992.0 |
       Dungeon |   2976 |   2943 |     33 |    103 |   2584 |   3 |  992.0 |
               +--------+--------+--------+--------+--------+-----+--------+

Top non-repeatable levels by time:
     D:2: 1287 daAuts
     D:1: 1218 daAuts
     D:3: 470 daAuts
